 Dungeon Crawl Stone Soup version 0.31-a0-986-g5e6e4ef867 (webtiles) character file.

Game seed: 14869945377114631962

22 dialectric the Shield-Bearer (level 2, -2/19 HPs)
             Began as an Octopode Wanderer on Nov 19, 2023.
             Slain by a goblin
             ... wielding a +0 club
             ... led by Robin
              (6 damage)
             ... on level 1 of the Dungeon.
             The game lasted 00:01:11 (650 turns).

dialectric the Shield-Bearer (Octopode Wanderer)     Turns: 650, Time: 00:01:11

Health: -2/19      AC:  1    Str: 12    XL:     2   Next: 91%
Magic:  2/2        EV: 13    Int: 10    God:
Gold:   15         SH:  7    Dex: 14    Spells: 1/1 levels left

rFire   . . .        a - +0 spear
rCold   . . .        b - +2 buckler
rNeg    . . .        c - +0 hat
rPois   .            (no amulet)
rElec   .            (no ring)
rCorr   .            (no ring)
SInv    .            (no ring)
Will    .....        (no ring)
Stlth   ++           (no ring)
HPRegen 0.23/turn    (no ring)
MPRegen 0.08/turn    (no ring)
                     (no ring)

%: no passive effects
@: no status effects
A: almost no armour, amphibious, 8 rings, camouflage 1, gelatinous body 1,
(nimble swimmer 1), tentacles
a: no special abilities


You were on level 1 of the Dungeon.
You visited 1 branch of the dungeon, and saw 2 of its levels.

You collected 15 gold pieces.

Inventory:

Hand Weapons
 a - a +0 spear (weapon)
Armour
 b - a +2 buckler (worn)
 c - a +0 hat (worn)
Talismans
 f - a flux talisman
Potions
 d - a potion of attraction


   Skills:
 + Level 2.2 Fighting
 + Level 1.1 Polearms
 + Level 1.0 Throwing
 + Level 2.1 Dodging
 + Level 3.7 Shields
 + Level 1.2 Evocations


You had one spell level left.
You didn't know any spells.
Your spell library contained the following spells:

 Spells                   Type           Power      Damage    Failure   Level
 Sandblast                Erth           0%         2d4       45%         1
 Passwall                 Tmut/Erth      0%         N/A       61%         2
 Stone Arrow              Conj/Erth      0%         3d7       83%         3
 Brom's Barrelling Bould  Conj/Erth      0%         2d3       99%         4


Dungeon Overview and Level Annotations

Branches:
Dungeon (2/15)

Altars:

Annotations:
D:1 Robin


Innate Abilities, Weirdness & Mutations

You cannot wear most types of armour.
You are amphibious.
You can wear up to eight rings at the same time.
Your skin changes colour to match your surroundings (Stealth+).
Your rubbery body absorbs attacks. (AC +1, EV +1)
((You are camouflaged when in or above water. (Stealth+)))
You have tentacles for arms and can constrict up to eight enemies at once.


Message History

The goblin misses you. Robin hits you with a +0 mace.
The goblin barely misses you. The giant cockroach bites you.
There is a stone staircase leading up here.
Unknown command.
Robin says, "My army is invincible!"
Robin hits you with a +0 mace. The goblin barely misses you.
The giant cockroach closely misses you.
You climb upwards.
There is a stone staircase leading down here.
Unknown command.
Unknown command.
Unknown command.
The giant cockroach attacks as it pursues you!
The giant cockroach closely misses you. Robin throws the goblin at you!
The goblin hits you but does no damage.
You hit the giant cockroach but do no damage.
You grab the giant cockroach. You constrict the giant cockroach.
The giant cockroach bites you. The goblin hits you with a +0 club.
* * * LOW HITPOINT WARNING * * *
You release your grip on the giant cockroach.
The giant cockroach attacks as it pursues you!
You block the giant cockroach's attack. Robin hits you with a +0 mace.
* * * LOW HITPOINT WARNING * * *
The giant cockroach misses you.
The giant cockroach attacks as it pursues you!
You block the giant cockroach's attack. Robin throws the goblin at you!
* * * LOW HITPOINT WARNING * * *
Unknown command.
It was a potion of haste.
You feel yourself speed up.
Robin roars a battlecry!
The goblin goes into a battle-frenzy!
The goblin closely misses you.
Unknown command.
It was a potion of cancellation.
Your magical effects are unravelling.
You feel magically purged.
You feel yourself slow down. You block the giant cockroach's attack.
The goblin hits you with a +0 club.
You die...

#.##..##.###..#.#
#.##..##.##.#.#.#
#.##.[##.###..#.#
#.##..##.# #..#.#
#.##..##.###..#.##
#.##.............#########
#.##.###...>.............#
#.##.# #.###[...g#######.#
..##.# #.# #...B@#
#.########
####.###.###...#g#
#......... #.#...........#
#..####### #.........>.###
#..# ######.###.#.#.# #..#
...............#########..#
.#####.###.#..............#
## #.# #.#.##........#.##
#.# #.#.##.######.#.#


You could see Robin, a giant cockroach and a goblin (strong).

Vanquished Creatures
  2 dart slugs (D:1)
  A bat (D:2)
  A giant cockroach (D:1)
  7 goblins
  A hobgoblin (D:1)
  A ball python (D:1)
  A frilled lizard (D:1)
  2 rats (D:1)
16 creatures vanquished.

Notes
Turn   | Place    | Note
-------+----------+-------------------------------------------
     0 | D:1      | dialectric the Octopode Wanderer began the quest for the
                  | Orb.
     0 | D:1      | dialectric set off with the following items: a +0 spear, a
                  | +2 buckler, a +0 hat, a potion of attraction.
     0 | D:1      | Reached XP level 1. HP: 14/14 MP: 1/1
   363 | D:1      | Reached XP level 2. HP: 19/19 MP: 2/2
   571 | D:2      | Noticed Robin
   650 | D:1      | Slain by a goblin

Illustrated notes

Levels and vault maps discovered:
D:1:      mainiacjoe_arrival_oval_in_oval, layout_loops_ring
D:2:      layout_loops_corners, ebering_ecumenical_altar_hall, uniq_robin,
          uniq_crazy_yiuf_cottage

Action                     || total
---------------------------++-------
  Melee: Spear             ||    42
         Constrict         ||     8
         Tentacles         ||     5
    Use: Potion            ||     3
   Stab: Sleeping          ||     4
 Armour: Skin              ||    28
  Dodge: Dodged            ||    21
  Block: Buckler           ||    16

Table legend: (Time is in decaauts)
 A = Elapsed time spent in this place.
 B = Non-inter-level travel time spent in this place.
 C = Inter-level travel time spent in this place.
 D = Time resting spent in this place.
 E = Time spent auto-exploring this place.
 F = Levels seen in this place.
 G = Mean time per level.
                   A        B        C        D        E       F      G
               +--------+--------+--------+--------+--------+-----+--------+
         Total |    655 |    618 |     37 |     20 |    468 |   2 |  327.5 |
       Dungeon |    655 |    618 |     37 |     20 |    468 |   2 |  327.5 |
               +--------+--------+--------+--------+--------+-----+--------+

Top non-repeatable levels by time:
     D:1: 636 daAuts
     D:2: 19 daAuts
